 Dungeon Crawl Stone Soup version 0.18.1-47-g9310371 (webtiles) character file.

1633 sveltemanboy the Basher (level 8, 0/87 HPs)
             Began as an Ogre Hunter on June 19, 2016.
             Was a Believer of Okawaru.
             Shot with an arrow by a centaur (2 damage)
             ... on level 6 of the Dungeon.
             The game lasted 00:18:06 (6650 turns).

sveltemanboy the Basher (Ogre Hunter)               Turns: 6650, Time: 00:18:06

Health: 0/87       AC:  8    Str: 25      XL:     8   Next: 98%
Magic:  11/11      EV: 11    Int:  9 (10) God:    Okawaru [**....]
Gold:   335        SH:  0    Dex:  8 (10) Spells: 0 memorised, 7 levels left

rFire  . . .     SeeInvis .     y - +0 morningstar
rCold  + . .     Gourm    .     b - +0 robe
rNeg   + . .     Faith    .     (no shield)
rPois  .         Spirit   .     s - +1 hat
rElec  .         Dismiss  .     (no cloak)
rCorr  .         Reflect  .     (gloves unavailable)
SustAt .         Harm     .     (boots unavailable)
MR     .....                    (no amulet)
Stlth  +.........               k - ring of positive energy
                                q - ring of protection from cold

@: mighty, slowed, very slow, not resistant to hostile enchantments, very
unstealthy
A: unfitting armour, talons 1, thin metallic scales 1, yellow scales 1, tough
skin 1
a: Heroism, Renounce Religion


You were on level 6 of the Dungeon.
You worshipped Okawaru.
Okawaru was pleased with you.
You were not hungry.

You visited 1 branch of the dungeon, and saw 6 of its levels.

You collected 335 gold pieces.

Inventory:

Hand Weapons
 y - a +0 morningstar (weapon)
Missiles
 c - 10 large rocks
 d - 2 throwing nets
 j - 89 stones (quivered)
 z - 2 tomahawks
Armour
 a - a shadow dragon hide
 b - a +0 robe (worn)
 s - a +1 hat (worn)
Jewellery
 k - a ring of positive energy (right hand)
 q - a ring of protection from cold (left hand)
 u - an uncursed ring of ice
 v - an uncursed ring of sustain attributes
Wands
 g - a wand of lightning (7/15)
 l - a wand of confusion (46/48)
 x - a wand of slowing (25/48)
Scrolls
 e - 4 scrolls of identify
 t - a scroll of recharging
Potions
 o - 2 potions of curing
 r - 2 potions of agility {unknown}
 A - a potion of flight {unknown}
Comestibles
 f - 4 bread rations
 h - a slice of pizza
 i - 2 chunks of flesh
 m - 4 meat rations


   Skills:
 + Level 7.1 Fighting
 * Level 8.7 Maces & Flails
 - Level 4.2 Throwing
 + Level 2.0 Armour
 + Level 4.8 Dodging
 - Level 0.7 Stealth
 - Level 4.0 Invocations


You had 7 spell levels left.
You didn't know any spells.

Dungeon Overview and Level Annotations

Branches:
Dungeon (6/15)
 Temple: D:4-7

Altars:
Elyvilon
Fedhas
Okawaru
Pakellas
Yredelemnul


Innate Abilities, Weirdness & Mutations

You are too large for most types of armour.
You have tough skin (AC +1).
You have sharp toenails.
You are partially covered in thin metallic scales (AC +2).
You are partially covered in yellow scales (AC +2).


Message History

The centaur shoots an arrow.
The arrow hits you!
* * * LOW HITPOINT WARNING * * *
The hound pauses to sniff the ground.
The hound closely misses you. x2
You see here an arrow.
The hound bites you.
* * * LOW HITPOINT WARNING * * *
The centaur shoots an arrow.
The arrow closely misses you. The orc wizard hits you with a dagger.
* * * LOW HITPOINT WARNING * * *
The hound bites you.
* * * LOW HITPOINT WARNING * * *
Drink which item? (? for menu, Esc to quit)
Okay, then.
You feel like a meek peon again.
The centaur shoots an arrow.
The arrow hits you.
* * * LOW HITPOINT WARNING * * *
The orc wizard barely misses you.
The centaur shoots an arrow.
The arrow hits you.
You die...

.........###...### #....♣P♣ ##
...<.........#######..PPPP♣ ..
....>.....#### #.......♣PP♣# ..
.#.......#####.. #....PPPPP# ..
...............###......♣######)§
...........#......g((g...'....'..
##.......##...##.ch......'.>..#).
##.......##...#..ohg.....'....#..
##............#.@##K.....######K.
....#.....#...#.##....PP♣# ..
.#..#.###........#.)..♣P♣ (.
......# ##..........)PP♣♣ g.
.....## ##......##...♣P♣ ?$
.....#### ##.##.###..PPPP#
........###...#.# ##.....#.
.....##.........# #.....#..
..........#...### ...PP♣#..


You could see a centaur, 2 hounds, an orc wizard and 3 gnolls.

Vanquished Creatures
  A black bear (D:6)
  An orc warrior (D:6)
  2 ice beasts
  2 phantoms (D:6)
  An ogre (D:5)
  2 centaurs (D:6)
  3 crimson imps
  4 orc priests (D:3)
  A centaur skeleton (D:5)
  2 giant frog skeletons
  4 hounds
  A jelly (D:6)
  Ijyb (D:3)
  An iguana (D:5)
  2 orc wizards
  4 worker ants
  A worker ant zombie (D:5)
  2 gnolls (D:6)
  3 adders
  4 shadow imps
  An adder zombie (D:5)
  An adder skeleton (D:6)
  2 worms
  A dart slug (D:1)
  2 giant geckos
  29 orcs
  9 bats
  3 giant cockroaches
  6 hobgoblins
  9 jackals
  6 kobolds
  4 quokkas
  A ball python skeleton (D:4)
  3 giant newts
  4 goblins
  2 rats
125 creatures vanquished.

Vanquished Creatures (others)
  4 toadstools (D:1)
4 creatures vanquished.

Grand Total: 129 creatures vanquished

Notes
Turn   | Place    | Note
--------------------------------------------------------------
     0 | D:1      | sveltemanboy the Ogre Hunter began the quest for the Orb.
     0 | D:1      | Reached XP level 1. HP: 22/22 MP: 1/1
   348 | D:1      | Reached XP level 2. HP: 31/31 MP: 2/2
   995 | D:2      | Reached XP level 3. HP: 25/37 MP: 3/3
  1357 | D:2      | Reached skill level 1 in Maces & Flails
  1538 | D:2      | Found a white marble altar of Elyvilon.
  1866 | D:3      | Reached skill level 2 in Maces & Flails
  1866 | D:3      | Reached skill level 1 in Armour
  1866 | D:3      | Reached XP level 4. HP: 35/46 MP: 4/4
  2007 | D:3      | Reached skill level 3 in Maces & Flails
  2196 | D:3      | Found an iron altar of Okawaru.
  2209 | D:3      | Became a worshipper of Warmaster Okawaru
  2228 | D:3      | Reached XP level 5. HP: 54/54 MP: 5/5
  2382 | D:3      | Noticed Ijyb
  2478 | D:3      | Killed Ijyb
  2574 | D:3      | Reached skill level 4 in Maces & Flails
  2574 | D:3      | Reached skill level 1 in Invocations
  2588 | D:3      | Reached XP level 6. HP: 40/63 MP: 6/6
  3392 | D:4      | Found a blossoming altar of Fedhas.
  3406 | D:4      | Reached * piety under Okawaru
  3508 | D:4      | Reached skill level 5 in Maces & Flails
  3589 | D:4      | You fall through a shaft!
  3589 | D:5      | Entered Level 5 of the Dungeon
  3731 | D:5      | Found an oddly glowing altar of Pakellas.
  3786 | D:5      | Reached skill level 5 in Fighting
  3963 | D:5      | Reached XP level 7. HP: 37/72 MP: 8/8
  4373 | D:5      | Gained mutation: You are robust (+10% HP). [potion of mutation]
  4373 | D:5      | Gained mutation: You have sharp toenails. [potion of mutation]
  4373 | D:5      | Gained mutation: Potions and wands are less effective at restoring your health. [potion of mutation]
  4374 | D:5      | Gained mutation: You are partially covered in yellow scales (AC +2). [potion of mutation]
  4374 | D:5      | Gained mutation: Armour fits poorly on your strangely shaped body. [potion of mutation]
  4374 | D:5      | Lost mutation: You are robust (+10% HP). [potion of mutation]
  4375 | D:5      | Gained mutation: You are occasionally teleported next to monsters. [potion of mutation]
  4375 | D:5      | Gained mutation: You are frail (-10% HP). [potion of mutation]
  4376 | D:5      | Gained mutation: Your flesh is cold resistant. [potion of mutation]
  4376 | D:5      | Gained mutation: You are partially covered in thin metallic scales (AC +2). [potion of mutation]
  4377 | D:5      | Lost mutation: Your flesh is cold resistant. [potion of cure mutation]
  4377 | D:5      | Lost mutation: You are frail (-10% HP). [potion of cure mutation]
  4377 | D:5      | Lost mutation: Armour fits poorly on your strangely shaped body. [potion of cure mutation]
  4377 | D:5      | Lost mutation: You are occasionally teleported next to monsters. [potion of cure mutation]
  4377 | D:5      | Lost mutation: Potions and wands are less effective at restoring your health. [potion of cure mutation]
  4552 | D:5      | Reached skill level 6 in Maces & Flails
  5372 | D:5      | Reached XP level 8. HP: 82/83 MP: 10/10
  5452 | D:6      | Reached ** piety under Okawaru
  5452 | D:6      | Reached skill level 7 in Maces & Flails
  6161 | D:6      | Found a basalt altar of Yredelemnul.
  6236 | D:6      | Reached skill level 8 in Maces & Flails
  6650 | D:6      | HP: 2/87 [centaur/arrow (6)]
  6650 | D:6      | Shot with an arrow by a centaur

Skill      XL: |  1  2  3  4  5  6  7  8 |
---------------+-------------------------+-----
Fighting       | 3 4 5 7 |  7.1
Dodging        | 2 3 4 |  4.8
Maces & Flails | 2 3 4 5 6 8 |  8.7
Armour         | 1 2 |  2.0
Invocations    | 1 2 3 4 |  4.0
Throwing       | |  4.2
Stealth        | |  0.7

Action                   |  1- 3 |  4- 6 |  7- 9 || total
-------------------------+-------+-------+-------++-------
Melee: Unarmed           |    36 |       |       ||    36
       Club              |    32 |       |       ||    32
       Mace              |     7 |     4 |       ||    11
       Morningstar       |       |   124 |   215 ||   339
       Kick              |       |       |    49 ||    49
       Punch             |       |       |     1 ||     1
Throw: Stone             |    73 |    29 |    38 ||   140
       Large rock        |     6 |    13 |    11 ||    30
       Throwing net      |       |     3 |     1 ||     4
Invok: Heroism           |       |       |     3 ||     3
Evoke: Wand              |       |       |     1 ||     1
  Use: Scroll            |       |     4 |    11 ||    15
       Potion            |       |       |    11 ||    11
 Stab: Sleeping          |     1 |     1 |       ||     2
       Held in net/web   |       |     1 |       ||     1
       Confused          |       |       |     1 ||     1
  Eat: Chunk             |     3 |     3 |     9 ||    15
       Royal jelly       |       |     1 |       ||     1
       Beef jerky        |       |       |     1 ||     1
Armor: Robe              |    26 |    21 |   104 ||   151
       Skin              |       |       |     2 ||     2
Dodge: Dodged            |    60 |    62 |   162 ||   284
